 Dungeon Crawl Stone Soup version 0.28.0-49-g6dfe1f597d (webtiles) character file.

Game seed: 9667706292035207713

870 mortz the Cutter (level 8, -3/69 HPs)
             Began as a Hill Orc Fighter on May 14, 2022.
             Was a Believer of Beogh.
             Slain by a gnoll
             ... wielding a +0 halberd
              (5 damage)
             ... on level 6 of the Dungeon.
             The game lasted 00:19:11 (3920 turns).

mortz the Cutter (Hill Orc Fighter)                 Turns: 3920, Time: 00:19:11

Health: -3/69      AC: 13    Str: 21    XL:     8   Next: 3%
Magic:  0/0        EV: 10    Int:  8    God:    Beogh [**....]
Gold:   176        SH:  4    Dex: 10    Spells: 7/7 levels left

rFire   . . .      SeeInvis +   b - +10 rapier of the Dungeon {holy, rN++ Will+ MP-9, short}
rCold   . . .      Faith    .   c - +0 buckler
rNeg    + + .      Spirit   .   j - +3 ring mail "Edgheist" {*Slow Will+ rCorr SInv}
rPois   .          Reflect  .   v - +1 helmet
rElec   .          Harm     .   (no cloak)
rCorr   +          Rampage  .   m - +0 pair of gloves
Will    ++...                   h - +0 pair of boots
Stlth   +.........              (no amulet)
HPRegen 0.21/turn               (no ring)
MPRegen 0.07/turn               (no ring)

@: invisible
A: no striking features
a: Renounce Religion, Smiting


You were on level 6 of the Dungeon.
You worshipped Beogh.
Beogh was pleased with you.
You visited 1 branch of the dungeon, and saw 6 of its levels.

You collected 176 gold pieces.


   Skills:
 + Level 5.4 Fighting
 + Level 5.8(6.1) Short Blades
 - Level 3.1(5.1) Long Blades
 + Level 0.3 Throwing
 + Level 5.0 Armour
 + Level 1.2 Dodging
 + Level 0.3 Stealth
 + Level 4.2 Shields
 * Level 1.5 Invocations


You had 7 spell levels left.
You didn't know any spells.
Your spell library contained the following spells:

 Spells                   Type           Power      Damage    Failure   Level
 Fireball                 Conj/Fire      0%         3d3       100%        5
 Starburst                Conj/Fire      0%         6d3       100%        6
 Ignition                 Fire           0%         3d3       100%        8

Inventory:

Hand Weapons
 a - a +0 long sword {long}
 b - the +10 rapier of the Dungeon (weapon) {holy, rN++ Will+ MP-9, short}
   (You found it on level 2 of the Dungeon)

   It has been blessed by the Shining One to cause great damage to the undead
   and demons.
   rN:        It greatly protects you from negative energy.
   MP:        It affects your magic capacity (-9).
   Will:      It increases your willpower.
Missiles
 l - 143 stones (quivered) {throwing}
 u - 4 atropa-tipped darts {throwing}
 w - 8 poisoned darts {throwing}
 x - 2 boomerangs {throwing}
Armour
 c - a +0 buckler (worn)
 h - a +0 pair of boots (worn)
   (You found it on level 1 of the Dungeon)
 j - the +3 ring mail "Edgheist" (worn) {*Slow Will+ rCorr SInv}
   (You found it on level 4 of the Dungeon)

   SInv:      It lets you see invisible.
   rCorr:     It protects you from acid and corrosion.
   *Slow:     It may slow you when you take damage.
   Will:      It increases your willpower.
 k - a +0 chain mail
   (You found it on level 1 of the Dungeon)
 m - a +0 pair of gloves (worn)
   (You found it on level 2 of the Dungeon)
 v - a +1 helmet (worn)
   (You found it on level 3 of the Dungeon)
Wands
 q - a wand of acid (10)
   (You found it on level 2 of the Dungeon)
 y - a wand of charming (6)
   (You took it off Ijyb on level 4 of the Dungeon)
Scrolls
 f - a scroll of enchant weapon {unknown}
 i - a scroll of magic mapping {unknown}
 n - 2 scrolls of amnesia {unknown}
 o - a scroll of enchant armour {unknown}
 r - a scroll of holy word {unknown}
 s - 3 scrolls of vulnerability {!r!r}
Potions
 d - 3 potions of might
 e - a potion of haste {unknown}
 g - a potion of berserk rage {unknown}
 p - a potion of magic {unknown}
 t - a potion of invisibility
 z - a potion of degeneration {unknown}

Dungeon Overview and Level Annotations

Branches:
Dungeon (5/15)
 Temple: D:4-7

Altars:
Elyvilon

Shops:
D:3

( .....# # Z..#....#
.. ........# ###.#.#
........#
#######....... ...
....## ###oc@)...#
o..
#..###oog######......
.o# #.....g### #....
..# ###o......# .#.
o.###...####..#
.o##.g### #.[...
....c## ......#
..c.....# ##......
..####### ####..


You could see a centaur, an orc priest, 2 orc wizards and 2 gnolls.


Message History

You take 8 damage, and now have 47/61 hp.
The gnoll shaman calls upon its god to speed up the gnoll.
The gnoll seems to speed up.
The gnoll closely misses you. 😕 HP[+1]
You block the gnoll's attack.
The gnoll hits you from afar with a +0 halberd! 😮 HP[-7]
You take 7 damage, and now have 41/61 hp.
The gnoll hits you but does no damage. 😮 HP[+1] Throw: 144 stones {throwing}
Press: ? - help, Q - select action, (/) - cycle Shift-Dir - straight line, f - gnoll
Aim: a gnoll, wielding a +0 halberd (fast, 61% to hit)
You throw a stone {throwing}.
The stone {throwing} hits the gnoll but does no damage.
You block the gnoll's attack. The gnoll closely misses you.
The gnoll closely misses you.
You closely miss the gnoll. The gnoll closely misses you.
You hit the gnoll. The gnoll hits you with a +0 halberd!
The gnoll hits you but does no damage. 😮 HP[-8]
You take 8 damage, and now have 34/61 hp.
You closely miss the gnoll.
A gnoll comes into view. It is wielding a +0 spear.
The gnoll closely misses you.
The orc priest invokes the aid of Beogh against you.
Beogh smites you!
* * * LOW HITPOINT WARNING * * *
The gnoll shouts!
You hear a shout! 😨 HP[-10]
You take 10 damage, and now have 24/61 hp.
You barely miss the gnoll. The gnoll hits you but does no damage.
The gnoll hits you with a +0 halberd.
* * * LOW HITPOINT WARNING * * *
😨 HP[-3]
You take 3 damage, and now have 21/61 hp.
You puncture the gnoll!
You kill the gnoll!
Beogh accepts your kill.
You puncture the necrophage!
The necrophage convulses!
You destroy the necrophage!
Beogh accepts your kill.
Your Invocations skill increases to level 1!
You have reached level 8! 😨 HP[+3]
You now have 69 max hp (+8).
You regained 3 hp, and now have 24/69 hp.
You closely miss the gnoll shaman. You hit the gnoll shaman.
The gnoll shaman invokes the aid of its god against you.
You resist with almost no effort.
The orc wizard mumbles some strange words.
The orc wizard flickers and vanishes for a moment.
You puncture the gnoll shaman!
The gnoll shaman completely misses you. 😨 HP[+1]
You barely miss the gnoll shaman.
The gnoll shaman invokes the aid of its god against you.
You resist with almost no effort.
You hit the gnoll shaman. You block the gnoll shaman's attack.
You puncture the gnoll shaman!
You kill the gnoll shaman!
Beogh accepts your kill.
Beogh appreciates your killing of a heretic priest.
Your Armour skill increases to level 5!
You puncture the orc!
You kill the orc!
Beogh accepts your kill.
The centaur shoots an arrow.
The arrow hits you but does no damage.
The centaur shoots an arrow.
The arrow hits you.
* * * LOW HITPOINT WARNING * * *
The centaur shoots an arrow.
The arrow closely misses you.
Items here: ))) [ ††. 😨 HP[-1]
You take 1 damage, and now have 24/69 hp.
The centaur unwields a +0 shortbow.
The centaur barely misses you. You block the centaur's attack.
The gnoll hits you from afar with a +0 halberd.
* * * LOW HITPOINT WARNING * * *
😨 HP[-2]
You take 2 damage, and now have 22/69 hp.
You closely miss the centaur.
The centaur hits you but does no damage.
The centaur misses you.
The orc priest invokes the aid of Beogh against you.
Beogh smites you!
* * * LOW HITPOINT WARNING * * *
The gnoll hits you from afar with a +0 halberd!
* * * LOW HITPOINT WARNING * * *
You hear a shout! 😱 HP[-20]
You take 20 damage, and now have 2/69 hp.
MASSIVE DAMAGE!! (PAUSE) It was a potion of invisibility.
You fade into invisibility!
You block the centaur's attack.
The centaur kicks you but does no damage.
The centaur closely misses you. The centaur misses you.
The gnoll hits you from afar with a +0 halberd.
You die...

Skill      XL: |  1  2  3  4  5  6  7  8 |
---------------+-------------------------+-----
Long Blades    | 3 |  3.1
Fighting       | 4 5 |  5.4
Short Blades   | 1 3 4 5 |  5.8
Armour         | 4 5 |  5.0
Shields        | 4 |  4.2
Dodging        | 1 |  1.2
Invocations    | 1 |  1.5
Throwing       | |  0.3
Stealth        | |  0.3

Action                   |  1- 3 |  4- 6 |  7- 9 || total
-------------------------+-------+-------+-------++-------
Melee: Long sword        |    66 |       |       ||    66
       Rapier            |    17 |    92 |    92 ||   201
Throw: Stone             |       |    10 |     1 ||    11
Invok: Convert to Beogh  |       |     1 |       ||     1
  Use: Scroll            |       |     2 |       ||     2
       Potion            |       |       |     1 ||     1
Armor: Scale mail        |    22 |       |       ||    22
       Chain mail        |    19 |    34 |     2 ||    55
       Ring mail         |       |       |    31 ||    31
Dodge: Dodged            |    39 |    26 |    31 ||    96
Block: Buckler           |    22 |    17 |    13 ||    52

Levels and vault maps discovered:
D:1:      dpeg_arrival_chambers_temple_mockup, layout_loops_ring,
          shapermc_ecumenical_altar_acropolis
D:2:      layout_basic, basic_altar, minmay_pentomino_o2, uniq_robin,
          uniq_jessica
D:3:      layout_loops_ring, serial_shops,
          nicolae_shop_temple_entry_statues_fountains, amethyst_killhole,
          uniq_sigmund
D:4:      kennysheep_goblin_castle, layout_basic, uniq_eustachio
D:5:      layout_cave_pods, minmay_temple_entry_wispy,
          kennysheep_generic_room_10
D:6:      layout_rooms, uniq_pikel

Notes
Turn   | Place    | Note
-------+----------+-------------------------------------------
     0 | D:1      | mortz the Hill Orc Fighter began the quest for the Orb.
     0 | D:1      | Reached XP level 1. HP: 19/19 MP: 1/1
     0 | D:1      | magus.rc [v1.9.6]
   486 | D:1      | Reached XP level 2. HP: 27/27 MP: 2/2
   693 | D:1      | Found a faded altar of an unknown god.
  1002 | D:2      | Identified the +10 rapier of the Dungeon {holy, rN++ Will+
                  | MP-9}
  1060 | D:2      | Noticed Jessica
  1073 | D:2      | Reached XP level 3. HP: 33/33 MP: 0/3
  1082 | D:2      | Killed Jessica
  1083 | D:2      | Reached skill level 3 in Long Blades
  1249 | D:2      | Reached XP level 4. HP: 40/40 MP: 0/4
  1362 | D:2      | Noticed Robin
  1419 | D:2      | Killed Robin
  1420 | D:2      | Reached skill level 4 in Fighting
  1453 | D:2      | Reached skill level 1 in Short Blades
  1528 | D:2      | Found a white marble altar of Elyvilon.
  1817 | D:3      | Became a worshipper of Beogh the Brigand
  1982 | D:3      | Found Rawag's Weapon Emporium.
  2166 | D:3      | Reached XP level 5. HP: 47/47 MP: 0/5
  2183 | D:3      | Noticed Sigmund
  2188 | D:3      | Killed Sigmund
  2189 | D:3      | Reached skill level 3 in Short Blades
  2189 | D:3      | Reached skill level 4 in Armour
  2189 | D:3      | Reached skill level 4 in Shields
  2189 | D:3      | Reached XP level 6. HP: 53/53 MP: 0/6
  2191 | D:3      | Reached skill level 1 in Dodging
  2443 | D:3      | You pick up a book of Fire and begin reading...
  2443 | D:3      | You add the spells Fireball, Starburst and Ignition to your
                  | library.
  2784 | D:4      | Noticed Eustachio
  2801 | D:4      | Reached skill level 4 in Short Blades
  2853 | D:4      | Killed Eustachio
  2854 | D:4      | Reached skill level 5 in Fighting
  2854 | D:4      | Reached XP level 7. HP: 58/61 MP: 0/7
  3036 | D:4      | Identified the +3 ring mail "Edgheist" {*Slow Will+ rCorr
                  | SInv}
  3070 | D:4      | Reached * piety under Beogh
  3085 | D:4      | Reached skill level 5 in Short Blades
  3664 | D:4      | Noticed Ijyb
  3682 | D:4      | Killed Ijyb
  3706 | D:4      | Reached ** piety under Beogh
  3877 | D:5      | Entered Level 5 of the Dungeon
  3882 | D:5      | You fall into a shaft and drop 1 floor!
  3910 | D:6      | Reached skill level 1 in Invocations
  3910 | D:6      | Reached XP level 8. HP: 24/69 MP: 0/8
  3916 | D:6      | Reached skill level 5 in Armour
  3919 | D:6      | HP: 11/69 [orc priest/divine providence (11)]
  3919 | D:6      | HP: 2/69 [gnoll/+0 halberd (9)]
  3920 | D:6      | Slain by a gnoll

Vanquished Creatures
  Sigmund (D:3)
  Eustachio (D:4)
  A necrophage (D:6)
  A gnoll shaman (D:6)
  2 jellies (D:4)
  Jessica (D:2)
  2 iguanas (D:4)
  Ijyb (D:4)
  3 orc wizards (D:4)
  2 hound skeletons
  Robin (D:2)
  8 adders
  A gnoll (D:6)
  An adder zombie (D:4)
  3 worms
  10 orcs
  6 bats
  7 endoplasms
  4 giant cockroaches
  14 goblins
  9 hobgoblins
  3 jackals (D:4)
  5 kobolds
  3 quokkas
  7 ball pythons
  4 frilled lizards
  2 rats
103 creatures vanquished.

Table legend:
 A = Non-vault XP
 B = Vault XP
 C = Vault XP percentage of total XP
 D = Non-vault monster count
 E = Vault monster count
 F = Vault count percentage of total count
                 A         B        C        D         E       F
            +---------+---------+-------+---------+---------+-------
      Total |     674 |     569 |  45.8 |      75 |      28 |  27.2
            +---------+---------+-------+---------+---------+-------
        D:1 |      26 |       0 |   0.0 |      17 |       0 |   0.0
        D:2 |      25 |      76 |  75.2 |      11 |      14 |  56.0
        D:3 |      91 |     223 |  71.0 |      17 |       1 |   5.6
        D:4 |     356 |     270 |  43.1 |      26 |      13 |  33.3
        D:6 |     176 |       0 |   0.0 |       4 |       0 |   0.0
            +---------+---------+-------+---------+---------+-------

Illustrated notes

Table legend:
 A = Kills in this place as a percentage of kills in entire the game.
 B = Kills by you in this place as a percentage of kills by you in the entire game.
 C = Kills by friends in this place as a percentage of kills by friends in the entire game.
 D = Other kills in this place as a percentage of other kills in the entire game.
 E = Experience gained in this place as a percentage of experience gained in the entire game.
 F = Experience gained in this place divided by the number of levels of this place that you have seen.
                   A       B       C       D       E      F
               +-------+-------+-------+-------+-------+----------------------
         Total | 100.0 | 100.0 |   N/A |   N/A | 100.0 | 207.2
       Dungeon | 100.0 | 100.0 |   N/A |   N/A | 100.0 | 207.2
               +-------+-------+-------+-------+-------+----------------------

Table legend: (Time is in decaauts)
 A = Elapsed time spent in this place.
 B = Non-inter-level travel time spent in this place.
 C = Inter-level travel time spent in this place.
 D = Time resting spent in this place.
 E = Time spent auto-exploring this place.
 F = Levels seen in this place.
 G = Mean time per level.
                   A        B        C        D        E       F      G
               +--------+--------+--------+--------+--------+-----+--------+
         Total |   3951 |   3880 |     71 |    149 |   2858 |   6 |  658.5 |
       Dungeon |   3951 |   3880 |     71 |    149 |   2858 |   6 |  658.5 |
               +--------+--------+--------+--------+--------+-----+--------+

Top non-repeatable levels by time:
     D:4: 1154 daAuts
     D:1: 1002 daAuts
     D:3: 908 daAuts
     D:2: 844 daAuts
     D:6: 37 daAuts
     D:5: 4 daAuts
